 Dungeon Crawl Stone Soup version 0.19.1 (webtiles) character file.

133 Host24 the Sneak (level 5, -1/35 HPs)
             Began as a Kobold Assassin on Dec 24, 2016.
             Killed by divine providence
             ... invoked by an orc priest
              (15 damage)
             ... on level 3 of the Dungeon.
             The game lasted 00:04:47 (2651 turns).

Host24 the Sneak (Kobold Assassin)                  Turns: 2651, Time: 00:04:48

Health: -1/35      AC:  6    Str:  9    XL:     5   Next: 40%
Magic:  5/5        EV: 16    Int: 12    God:
Gold:   78         SH:  0    Dex: 17    Spells: 0 memorised, 4 levels left

rFire  + . .     SeeInvis .     a - +2 dagger
rCold  . . .     Gourm    .     c - +0 robe
rNeg   . . .     Faith    .     (shield restricted)
rPois  .         Spirit   .     E - +2 helmet
rElec  .         Reflect  .     d - +0 cloak
rCorr  .         Harm     .     (no gloves)
MR     .....                    (no boots)
Stlth  +++.......               (no amulet)
                                (no ring)
                                z - ring of protection from fire

@: no status effects
A: carnivore 3
a: no special abilities


You were on level 3 of the Dungeon.
You were very full.

You visited 1 branch of the dungeon, and saw 3 of its levels.

You collected 78 gold pieces.

Inventory:

Hand Weapons
 a - a +2 dagger (weapon)
 b - a +0 blowgun
 v - a +0 hunting sling
 G - a cursed +0 hunting sling
Missiles
 e - 7 poisoned needles
 f - 2 curare-tipped needles
 h - 254 stones (quivered)
 i - 71 arrows
 j - 75 bolts
 l - 70 sling bullets
 y - 6 tomahawks
Armour
 c - a +0 robe (worn)
 d - a +0 cloak (worn)
 E - a +2 helmet (worn)
Jewellery
 z - a ring of protection from fire (left hand)
Wands
 u - a wand of iceblast (6/15)
Scrolls
 k - 4 scrolls of teleportation
 m - 2 scrolls of remove curse {unknown}
 p - 3 scrolls of identify
 q - a scroll of immolation {unknown}
 s - a scroll of blinking {unknown}
 t - a scroll of enchant armour {unknown}
 A - a scroll of amnesia {unknown}
 B - a scroll of random uselessness {unknown}
 D - a scroll of magic mapping {unknown}
Potions
 n - a potion of magic {unknown}
 o - a potion of berserk rage {unknown}
 r - a potion of degeneration {unknown}
 w - a potion of flight {unknown}
 x - a potion of cancellation {unknown}
 C - a potion of mutation {unknown}
 F - 2 potions of curing {unknown}
Comestibles
 g - 2 meat rations


   Skills:
 - Level 5.0 Fighting
 - Level 2.6 Short Blades
 - Level 2.1 Throwing
 + Level 3.0 Dodging
 - Level 5.3 Stealth


You had 4 spell levels left.
You didn't know any spells.

Dungeon Overview and Level Annotations

Branches:
Dungeon (3/15)

Altars:
Fedhas
Trog


Innate Abilities, Weirdness & Mutations

You are small and have problems with some larger weapons.
You are carnivorous and can eat meat at any time.


Message History

An orc priest comes into view. It is wielding a club.
Found 8 gold pieces.
The orc priest shouts! x2
You hit the jackal but do no damage. The jackal closely misses you.
The orc priest invokes the aid of Beogh against you.
Beogh smites you!
You closely miss the jackal.
The jackal bites you but does no damage.
The orc priest casts a cantrip, but nothing happens.
You closely miss the jackal. The jackal barely misses you.
You barely miss the jackal.
The jackal bites you but does no damage. x2
An orc priest comes into view. It is wielding a hand axe.
You barely miss the jackal. The jackal bites you.
The orc priest calls down the wrath of Beogh upon you.
Beogh smites you!
The jackal bites you but does no damage.
The orc priest calls down the wrath of Beogh upon you.
Beogh smites you!
You die...

##.##.#.#...#.........#
#.
...##.#.#...#.........#
..
#####.#.#...#.........#
#####.#.+.......#######
......###...##..#
####### #...##..#
######..#
#..#########.##
####..@h.oo..oo..$
#.........#####...
###########....)....#
....................#
...########.........#
...# #.........# ...#
########### ...# ...#


You could see 2 orc priests, an orc and a jackal.

Vanquished Creatures
  Ijyb (D:2)
  Robin (D:3)
  3 adders
  An ooze (D:2)
  A worm (D:2)
  A dart slug (D:1)
  A leopard gecko (D:1)
  2 giant cockroaches
  18 goblins
  9 hobgoblins
  3 jackals (D:2)
  A quokka (D:3)
  2 bats (D:3)
  2 frilled lizards
  4 kobolds
  8 rats
58 creatures vanquished.

Vanquished Creatures (others)
  A wizard (D:3)
1 creature vanquished.

Grand Total: 59 creatures vanquished

Notes
Turn   | Place    | Note
-------+----------+-------------------------------------------
     0 | D:1      | Host24 the Kobold Assassin began the quest for the Orb.
     0 | D:1      | Reached XP level 1. HP: 12/12 MP: 1/1
    71 | D:1      | Reached XP level 2. HP: 18/18 MP: 2/2
   791 | D:2      | Reached XP level 3. HP: 14/23 MP: 3/3
  1545 | D:2      | Reached XP level 4. HP: 30/30 MP: 4/4
  1824 | D:2      | Noticed Ijyb
  1894 | D:2      | Killed Ijyb
  1894 | D:2      | Reached skill level 5 in Fighting
  2060 | D:3      | Found a blossoming altar of Fedhas.
  2118 | D:3      | Reached XP level 5. HP: 35/35 MP: 5/5
  2160 | D:3      | Noticed Robin
  2189 | D:3      | Killed Robin
  2575 | D:3      | Found a bloodstained altar of Trog.
  2576 | D:3      | Noticed a wizard
  2581 | D:3      | Killed a wizard
  2651 | D:3      | Killed from afar by an orc priest

Skill      XL: |  1  2  3  4  5 |
---------------+----------------+-----
Fighting       | 3 4 5 |  5.0
Dodging        | 3 |  3.0
Short Blades   | |  2.6
Throwing       | |  2.1
Stealth        | |  5.3

Action                   |  1- 3 |  4- 6 || total
-------------------------+-------+-------++-------
Melee: Dagger            |    95 |    88 ||   183
 Fire: Blowgun           |       |     5 ||     5
  Use: Scroll            |       |     2 ||     2
 Stab: Sleeping          |    10 |     4 ||    14
  Eat: Chunk             |    10 |     3 ||    13
Armor: Robe              |    17 |    21 ||    38
Dodge: Dodged            |    51 |    55 ||   106
